 Dungeon Crawl Stone Soup version 0.25.1-8-g42b30a86e7 (webtiles) character file.

Game seed: 7258894977942088709

12 Clowwww the Skirmisher (level 2, 0/24 HPs)
             Began as a Demonspawn Abyssal Knight on Dec 19, 2020.
             Was a Follower of Lugonu.
             Slain by a kobold
             ... wielding a +0 dagger
              (1 damage)
             ... on level 1 of the Dungeon.
             The game lasted 00:01:01 (319 turns).

Clowwww the Skirmisher (Demonspawn Abyssal Knight)   Turns: 319, Time: 00:01:02

Health: 0/24       AC:  5    Str: 12    XL:     2   Next: 20%
Magic:  4/4        EV: 11    Int: 13    God:    Lugonu [*.....]
Gold:   33         SH:  0    Dex: 12    Spells: 1/1 levels left

rFire    . . .     SeeInvis .   a - +1 hand axe
rCold    . . .     Gourm    .   (no shield)
rNeg     . . .     Faith    .   b - +0 leather armour
rPois    .         Spirit   .   (no helmet)
rElec    .         Reflect  .   (no cloak)
rCorr    .         Harm     .   (no gloves)
MR       .....                  (no boots)
Stlth    +.........             (no amulet)
HPRegen  0.08/turn              (no ring)
MPRegen  0.09/turn              (no ring)

@: no status effects
A: molten scales 1
a: Depart the Abyss, Renounce Religion


You were on level 1 of the Dungeon.
You worshipped Lugonu.
Lugonu was aware of your devotion.
You were not hungry.

You visited 1 branch of the dungeon, and saw 1 of its levels.
You visited the Abyss 1 time.

You collected 33 gold pieces.

Inventory:

Hand Weapons
 a - a +1 hand axe (weapon)
Armour
 b - a +0 leather armour (worn)
Scrolls
 d - a scroll of teleportation {unknown}
 e - a scroll of identify {unknown}
Comestibles
 c - a ration
 f - 7 chunks of flesh


   Skills:
 + Level 3.3 Fighting
 + Level 1.8 Axes
 + Level 1.9 Armour
 + Level 0.9 Dodging
 + Level 2.8 Invocations


You had one spell level left.
You didn't know any spells.
Your spell library was empty.

Dungeon Overview and Level Annotations

Branches:
Dungeon (1/15)

Altars:


Innate Abilities, Weirdness & Mutations

You are partially covered in molten scales. (AC +2)


Message History

You barely miss the kobold. You hit the kobold.
The kobold hits you with a +0 whip. The kobold hits you but does no damage.
You barely miss the kobold. You hit the kobold.
The kobold hits you with a +0 whip. The kobold hits you but does no damage.
You barely miss the kobold. You closely miss the kobold.
The kobold barely misses you. The kobold hits you with a +0 dagger.
The kobold hits you with a +0 whip.
You closely miss the kobold. You miss the kobold.
The kobold hits you with a +0 dagger. The kobold hits you with a +0 whip.
* * * LOW HITPOINT WARNING * * *
The kobold hits you with a +0 dagger.
* * * LOW HITPOINT WARNING * * *
The kobold hits you with a +0 dagger.
* * * LOW HITPOINT WARNING * * *
You hit the kobold.
You kill the kobold!
Lugonu accepts your kill.
The kobold throws a stone.
The stone closely misses you. The kobold hits you with a +0 dagger.
You die...

........÷....÷#......
........##..#......... ..##
).......##.###..>..... ....
........#..#...##.... .....
.######.#...........##.....
.. ##....÷...............
.. #..##.................
... #.......#####.........
... ...#.....##(@K.........
................###....##..
.........##### #....#
...##...# ###### .#. #....
..... ###... #...


You could see a kobold.

Vanquished Creatures
  2 leopard geckos (D:1)
  A giant cockroach (D:1)
  A hobgoblin (D:1)
  A ball python (D:1)
  A bat (D:1)
  A frilled lizard (D:1)
  2 kobolds (D:1)
  3 rats (D:1)
12 creatures vanquished.

Notes
Turn   | Place    | Note
-------+----------+-------------------------------------------
     0 | Abyss:1  | Clowwww the Demonspawn Abyssal Knight began the quest for
                  | the Orb.
     0 | Abyss:1  | Reached XP level 1. HP: 18/18 MP: 2/2
    42 | Abyss:1  | Noticed a flying skull
    49 | D:1      | Escaped the Abyss
   128 | D:1      | Reached * piety under Lugonu
   157 | D:1      | Gained mutation: You are partially covered in molten
                  | scales. (AC +2) [demonic ancestry]
   157 | D:1      | Reached XP level 2. HP: 15/24 MP: 4/4
   314 | D:1      | HP: 1/24 [kobold/+0 dagger (2)]
   319 | D:1      | Slain by a kobold

Illustrated notes

Levels and vault maps discovered:
D:1:      ncdulo_watergridlock, layout_rooms

Action                   || total
-------------------------++-------
Melee: Hand axe          ||    33
Invok: Depart the Abyss  ||     1
Armor: Leather armour    ||    19
Dodge: Dodged            ||    36
